← All builds
Front / Armada / Economy first / OBSERVED BUILD

Standard front

Armada Front build order · Supreme Isthmus

Standard economy-first Front play: Bot Lab and Vehicle Plant up immediately, units trickle to the coast and middle, with an Advanced Metal Extractor around 9:00 as the eco transition.

#eco · 1722 distinct matches · 249 players · 74% of Armada Front games · team won 61% of 2020 · Recently observed

HOW TO PLAY IT

Key timing: T2 constructor by 7:43

  1. Open mex and wind, drop Bot Lab and Vehicle Plant almost immediately.
  2. Pump Blitz, Rocketeer and Pawn to the coast to stop leaks first.
  3. Add Centurion and Janus once first units are moving up.
  4. Form units into a line pushing toward middle as numbers grow.
  5. Upgrade to Advanced Metal Extractor as the economy transition kicks in.

Phase by phase

TYPICAL OF ITS 1722 GAMES
  1. 1
  2. 2
  3. 3
PLAY THE OPENING

Follow the example game's first 6:00 step by step: what to build now, what comes next, and where it goes. At 1× it keeps pace with your own game.

  1. 1

    Up to the Bot Lab

    Economy
    • Metal Extractor2Mex
    Order
    1. Bot LabBot Lab after 2 mex, 1 winddone ~0:44, middle half 0:33–0:56

    Some games also: wind (48%) · Vehicle Plant (36%)

    By 0:28 in all: 2 mex

    The example game in this phase · 3 steps
    1. Vehicle PlantVehicle Plantdone 0:22 · typical 0:47
    2. RoverScout
    3. Wind
  2. 2

    Bot Lab to 5:00

    Economy
    • Metal Extractor4Mex
    • Wind Turbine3Wind
    Builders
    • Construction Bot1 Con bot
    Army
    • Sentry1 Sentry
    • Rocketeer6 Rocketeer

    Some games also: Lazarus (49%) · tick (46%) · centurion (40%) · con vehicle (32%) · janus (32%)

    By 5:00 in all: 6 mex · 6 wind

    The example game in this phase · 35 steps
    1. Wind
    2. RoverScout
    3. Mex ×2
    4. Construction VehicleCon vehicle
    5. Wind
    6. Construction VehicleCon vehicle
    7. Mex
    8. RoverScout ×3
    9. Construction VehicleCon vehicle
    10. Mex
    11. JanusJanus
    12. WhistlerMissile truck
    13. Mex
    14. WhistlerMissile truck ×2
    15. Mex
    16. WhistlerMissile truck
    17. SentrySentry ×2
    18. WhistlerMissile truck
    19. Construction VehicleCon vehicle
    20. Wind
    21. WhistlerMissile truck
    22. Wind
    23. StoutStout
    24. Wind
    25. StoutStout
    26. WhistlerMissile truck
    27. Wind
    28. WhistlerMissile truck
    29. Mex
    30. Wind
    31. WhistlerMissile truck
    32. Wind
    33. StoutStout
    34. Con turret
    35. StoutStout
  3. 3

    5:00 to 10:00

    Economy
    • Metal Extractor1Mex
    • Wind Turbine14Wind
    Builders
    • Construction Turret2 Con turret
    Army
    • Sentry1 Sentry

    Some games also: rocketeer (46%) · energy storage (43%) · Lazarus (38%) · con bot (38%) · Radar Tower (36%)

    By 10:00 in all: 7 mex · 24 wind · 1 energy storage · 3 con turret

    The example game in this phase · 102 steps
    1. Con turret
    2. WhistlerMissile truck
    3. Con turret
    4. Wind ×2
    5. WhistlerMissile truck
    6. Wind
    7. Converter
    8. Wind ×2
    9. WhistlerMissile truck
    10. Wind ×2
    11. StoutStout
    12. Wind ×2
    13. StoutStout
    14. Wind
    15. WhistlerMissile truck
    16. BlitzBlitz
    17. Converter
    18. BlitzBlitz
    19. Wind
    20. Converter
    21. Wind
    22. Con turret
    23. BlitzBlitz ×2
    24. Wind
    25. BlitzBlitz
    26. Wind ×2
    27. Converter
    28. BlitzBlitz
    29. Wind
    30. BlitzBlitz
    31. Wind
    32. BlitzBlitz
    33. Wind
    34. BlitzBlitz
    35. Wind ×2
    36. BlitzBlitz
    37. Advanced Metal ExtractorT2 mexdone 7:17 · typical 9:00
    38. Wind
    39. BlitzBlitz
    40. Converter
    41. BlitzBlitz
    42. Wind ×2
    43. BlitzBlitz
    44. Wind
    45. Advanced Metal ExtractorT2 mex
    46. Wind
    47. BlitzBlitz
    48. Wind ×3
    49. BlitzBlitz ×2
    50. Wind ×2
    51. Converter
    52. BlitzBlitz
    53. Wind
    54. Converter
    55. BlitzBlitz
    56. Wind
    57. Advanced Metal ExtractorT2 mex
    58. Converter
    59. BlitzBlitz
    60. Converter
    61. Wind
    62. BlitzBlitz
    63. Wind
    64. TickTick
    65. Con turret
    66. Converter
    67. Wind ×2
    68. PawnPawn
    69. BlitzBlitz
    70. Wind ×2
    71. BlitzBlitz
    72. Wind
    73. TickTick
    74. Wind
    75. BlitzBlitz
    76. PawnPawn
    77. Wind
    78. Advanced Metal ExtractorT2 mex
    79. BlitzBlitz
    80. Wind ×2
    81. TickTick
    82. BlitzBlitz
    83. Converter
    84. PawnPawn
    85. Wind ×2
    86. Advanced Metal ExtractorT2 mex
    87. Wind ×3
    88. Converter
    89. BlitzBlitz
    90. Wind
    91. TickTick
    92. BlitzBlitz
    93. Wind
    94. PawnPawn
    95. Wind
    96. Converter
    97. Wind
    98. BlitzBlitz
    99. TickTick
    100. Wind
    101. PawnPawn
    102. BlitzBlitz

Counts are medians over the build's games: half of them build more, half fewer. The example game is [crd]sisa's (45 OS, 14/10/2026); pick another.

Team trades

IN AT LEAST 30% OF ITS GAMES

You hand over

Nothing regular.

You get

  • Tidal Generator4 Tidal from Pondfirst at 0:17 · in 68% of games
  • Advanced Construction Bot1 T2 con bot from Geo or Techfirst at 7:23 · in 65% of games

How it plays out

Typical game of this build, running totals by minute

Metal produced

010k20k30k
0:005:0010:0015:00

metal

Enemy metal destroyed

05k10k
0:005:0010:0015:00

metal

Own metal lost

05k10k
0:005:0010:0015:00

metal

2020 games.

Show as table
ByMetal produced: This buildEnemy metal destroyed: This buildOwn metal lost: This build
1:0033300
2:008402131
3:001619135110
4:002700522333
5:0038471128782
6:00503419341425
7:00625427242301
8:00753835473173
9:00898143304071
10:001055350134808
11:001238855385547
12:001454059766401
13:001689864776999
14:001927572057829
15:002189278708701
WHAT THE NUMBERS SAY

Standard Front play wins more often than Suicide front and produces more metal by 15:00 while losing less of it.

  • + Metal produced reaches 22627 by 15:00, well above Suicide front's 20142.
  • + Own metal lost is 8944 by 15:00, lower than enemy metal destroyed ratio of Suicide front.
  • − First unit lost already at 1:43, showing exposure despite the safer position.
  • − Blitz dominates army share at 25%, leaving fewer Centurion for anti-swarm.
THE EXAMPLE YOU ARE READING

[crd]sisa

44.8 OS · 14/10/2026

Open source match ↗

56 received units · includes a constructor
286 metal received · 5856 energy received

Allied construction assistance is unknown. Timings are observations, not a promise of solo reproducibility.

Typical milestones

Bot Lab0:44Middle 50%: 0:33–0:56 · n=1354
Vehicle Plant0:47Middle 50%: 0:41–1:14 · n=1300
Advanced Metal Extractor9:00Middle 50%: 8:08–10:14 · n=1588

Played most by

haaven107games of this buildHummell107games of this buildLeohvm96games of this buildTheGeneraI77games of this buildXad69games of this build